 Dungeon Crawl Stone Soup version 0.29-a0-998-g1987434951 (webtiles) character file.

Game seed: 8724635355010531134

12706 spiderkeys the Fighter (level 11, -1/81 HPs)
             Began as an Octopode Brigand on Aug 6, 2022.
             Was a Believer of Ru.
             Slain by a komodo dragon (21 damage)
             ... on level 2 of the Lair of Beasts.
             The game lasted 00:25:57 (9834 turns).

spiderkeys the Fighter (Octopode Brigand)           Turns: 9834, Time: 00:25:58

Health: -1/81      AC:  8    Str: 11    XL:     11   Next: 97%
Magic:  11/11      EV: 18    Int: 17    God:    Ru [**....]
Gold:   1691       SH:  7    Dex: 18    Spells: 10/10 levels left

rFire   + . .      SeeInvis .   c - +11 long sword "Qaenoser" {speed, rElec rC+ Int+4}
rCold   + . .      Faith    .   j - +0 buckler
rNeg    . . .      Spirit   .   u - +3 hat of Lugonu's Castigation {rCorr Stlth+}
rPois   .          Reflect  .   g - amulet of regeneration
rElec   +          Harm     .   O - +4 ring of protection
rCorr   +          Rampage  .   F - ring of protection from fire
Will    .....                   K - ring of willpower
Stlth   +++++.....              (no ring)
HPRegen 1.03/turn               (no ring)
MPRegen 0.12/turn               (no ring)
                                (no ring)
                                (no ring)

@: studying Fighting, unable to drink
A: almost no armour, amphibious, 8 rings, camouflage 1, gelatinous body 1,
inability to drink while threatened 2, weak-willed 1, (nimble swimmer 1),
tentacles
a: Renounce Religion


You were on level 2 of the Lair of Beasts.
You worshipped Ru.
Ru was pleased with you.
You visited 3 branches of the dungeon, and saw 13 of its levels.

You collected 3080 gold pieces.
You spent 1389 gold pieces at shops.


Innate Abilities, Weirdness & Mutations

You cannot wear most types of armour.
You are amphibious.
You can wear up to eight rings at the same time.
Your skin changes colour to match your surroundings (Stealth+).
Your rubbery body absorbs attacks. (AC +1, EV +1)
You sometimes lose the ability to drink potions when taking damage.
You are slightly weak-willed. (Will-)
((You are camouflaged when in or above water. (Stealth+)))
You have tentacles for arms and can constrict up to eight enemies at once.


   Skills:
 + Level 9.9 Fighting
 - Level 2.0(6.2) Short Blades
 + Level 9.4(9.6) Long Blades
 - Level 2.3 Throwing
 + Level 9.5 Dodging
 - Level 5.7 Stealth
 + Level 9.3 Shields


You had 10 spell levels left.
You didn't know any spells.
Your spell library contained the following spells:

 Spells                   Type           Power      Damage    Failure   Level
 Apportation              Tloc           0%         N/A       28%         1
 Necrotise                Necr           0%         1d4       28%         1
 Summon Small Mammal      Summ           0%         N/A       28%         1
 Static Discharge         Conj/Air       0%         3-3/arc   41%         2
 Tukima's Dance           Hex            0%         N/A       65%         3
 Dispel Undead            Necr           0%         3d6       96%         4
 Passage of Golubria      Tloc           0%         N/A       96%         4
 Sticky Flame             Conj/Fire      0%         2d3       96%         4
 Yara's Violent Unravell  Hex/Tmut       0%         3d3       100%        5

Inventory:

Hand Weapons
 c - the +11 long sword "Qaenoser" (weapon) {speed, rElec rC+ Int+4}
   (You bought it in a shop on level 1 of the Dungeon)

   Attacks with this weapon are significantly faster.
   Int:       It affects your intelligence (+4).
   rC:        It protects you from cold.
   rElec:     It insulates you from electricity.
 h - a +1 long sword of venom
   (You found it on level 1 of the Dungeon)
 D - a +3 scimitar
   (You took it off a wight on level 7 of the Dungeon)
Missiles
 b - 20 poisoned darts (quivered)
 l - 7 curare-tipped darts {=f}
 H - 4 boomerangs
Armour
 j - a +0 buckler (worn)
   (You found it on level 1 of the Dungeon)
 r - an orb of light
   (You found it on level 4 of the Dungeon)
 u - the +3 hat of Lugonu's Castigation (worn) {rCorr Stlth+}
   (You acquired it on level 5 of the Dungeon)

   rCorr:     It protects you from acid and corrosion.
   Stlth:     It makes you more stealthy.
Jewellery
 g - an amulet of regeneration (around mantle)
   (You found it on level 2 of the Dungeon)
 F - a ring of protection from fire (right tentacle)
   (You found it on level 7 of the Dungeon)
 K - a ring of willpower (on tentacle)
   (You found it on level 8 of the Dungeon)
 O - a +4 ring of protection (left tentacle)
   (You took it off an orc on level 5 of the Dungeon)
Wands
 J - a wand of roots (5)
   (You found it on level 8 of the Dungeon)
 Q - a wand of charming (7)
   (You found it on level 10 of the Dungeon)
Scrolls
 d - a scroll of blinking {!r}
 n - 3 scrolls of teleportation {@r4}
 p - a scroll of enchant armour
 s - a scroll of vulnerability {!r!r}
 w - a scroll of torment {!r}
 x - 4 scrolls of amnesia
 y - 5 scrolls of poison {!r}
 E - a scroll of enchant weapon
 L - 2 scrolls of fog
Potions
 a - a potion of lignification {unknown}
 e - 7 potions of curing {@q1}
 f - 2 potions of heal wounds {@q2}
 i - a potion of brilliance {unknown}
 k - 2 potions of flight
 m - a potion of berserk rage {unknown}
 q - 2 potions of might
 v - a potion of invisibility
 z - 4 potions of mutation {!q}
 A - 2 potions of haste {@q3}
 C - a potion of cancellation
Miscellaneous
 N - a phial of floods (inert)
   (You found it on level 9 of the Dungeon)

Dungeon Overview and Level Annotations

Branches:
Dungeon (10/15) Zot: 26575  Temple (1/1) D:7 Zot: 5723    Lair (2/5) D:9 Zot: 11089
  Swamp: Lair:2-3    Shoals: Lair:2-3     Snake: Lair:2-3    Spider: Lair:2-3
    Orc: D:9-12

Altars:
Ashenzari
Cheibriados
Dithmenos
Elyvilon
Fedhas
Gozag
Hepliaklqana
Kikubaaqudgha
Makhleb
Nemelex Xobeh
Okawaru
Qazlal
Ru
Sif Muna
Trog
Uskayaw
Vehumet
Wu Jian
Xom
Yredelemnul
Zin
The Shining One

Shops:
D:1 (   D:3 ?*   D:6 *:*:!

Annotations:
D:4 exclusion: sky beast

### #
###P######.#P
#....#.......
##.....#...#.
##.......#...#
#P.P..........
##P......##..#
#...<@.## ##
###..l.#
##..P# ..###
##.# #.# #.#
#.#


You could see a komodo dragon (corona).


Message History

The boomerang hits the four-headed hydra.
The grasping roots constrict the four-headed hydra!
The roots release their grip on the four-headed hydra.
Aim the phial where?
Press: ? - help, Shift-Dir - straight line, f/p - four-headed hydra
Aim: a four-headed hydra (severely wounded, covered in acid)
The torrent of water hits the four-headed hydra!
The four-headed hydra is knocked back by the torrent of water.
The wave splashes down.
Throw: 4 boomerangs
Press: ? - help, Shift-Dir - straight line, f/p - four-headed hydra
Aim: a four-headed hydra (almost dead, covered in acid, 82% to hit)
You throw a boomerang.
The boomerang barely misses the four-headed hydra.
The four-headed hydra is no longer covered in acid.
You barely miss the four-headed hydra. The four-headed hydra bites you.
The four-headed hydra bites you but does no damage.
The four-headed hydra closely misses you.
The four-headed hydra barely misses you. 😕 HP[-1]
You take 1 damage, and now have 80/81 hp.
You hack one of the four-headed hydra's heads off!
The three-headed hydra grows two more!
You slash the five-headed hydra! You squeeze the five-headed hydra.
You chop one of the five-headed hydra's heads off!
The four-headed hydra grows two more!
You slice the six-headed hydra!!
You kill the six-headed hydra! 😎 HP[+1]
Your hp is fully restored (81).
You open the door.
There is an open door here.
Key pressed, stopping explore.
Key pressed, stopping explore.
You now have 1685 gold pieces (gained 14).
A sourceless malevolence fills the Lair of Beasts...
With a horrendous wail, an alarm goes off!
A sentinel's mark forms upon you.
Found a stone staircase leading down.
You open the door.
There is an open door here.
Key pressed, stopping explore.
The sentinel's mark upon you fades away.
You open the door.
There is an open door here.
You open the door.
There is an open door here.
There is an open door here.
d - a scroll of blinking {!r} Key pressed, stopping explore.
You open the door.
There is an open door here.
Key pressed, stopping explore.
There is an open door here.
You open the door.
There is an open door here.
There is an open door here.
There is an open door here.
Done exploring.
There is an open door here.
There is a stone staircase leading down here.
You climb downwards.
There is a stone staircase leading up here.
You now have 1691 gold pieces (gained 6).
A komodo dragon comes into view.
A komodo dragon is nearby!
Okay, then.
The komodo dragon bites the fungus.
The fungus begins to die.
The komodo dragon hisses angrily.
The komodo dragon bites you!! 😮 HP[-25]
You take 25 damage, and now have 56/81 hp.
MASSIVE DAMAGE!! (PAUSE)
You completely miss the komodo dragon.
You squeeze the komodo dragon, but do no damage. 😮 HP[+1]
You hit the komodo dragon but do no damage.
A nearby fungus withers and dies.
The komodo dragon bites you!!
You feel threatened and lose the ability to drink potions!
* * * LOW HITPOINT WARNING * * *
😨 HP[-17]
You take 17 damage, and now have 40/81 hp.
MASSIVE DAMAGE!! (PAUSE)
You hit the komodo dragon. You slash the komodo dragon!
You squeeze the komodo dragon!
You block the komodo dragon's attack. 😮 HP[+1]
You slash the komodo dragon! The komodo dragon bites you!
* * * LOW HITPOINT WARNING * * *
😨 HP[-8]
You take 8 damage, and now have 33/81 hp.
You closely miss the komodo dragon. You barely miss the komodo dragon.
You squeeze the komodo dragon, but do no damage.
The komodo dragon bites you!
* * * LOW HITPOINT WARNING * * *
You focus your inner power and illuminate the komodo dragon in retribution! 😱 HP[-14]
You take 14 damage, and now have 19/81 hp.
You slash the komodo dragon! The komodo dragon bites you!!
You die...

Skill      XL: |  1  2  3  4  5  6  7  8  9 10 11 |
---------------+----------------------------------+-----
Long Blades    | 1 2 3 4 5 7 8 9 |  9.4
Dodging        | 2 3 4 5 7 8 9 |  9.5
Shields        | 1 2 3 5 6 7 9 |  9.3
Fighting       | 3 4 5 7 8 9 |  9.9
Short Blades   | |  2.0
Throwing       | |  2.3
Stealth        | |  5.7

Action                   |  1- 3 |  4- 6 |  7- 9 | 10-12 || total
-------------------------+-------+-------+-------+-------++-------
Melee: Dagger            |    39 |       |       |       ||    39
       Constrict         |    12 |    22 |    28 |    47 ||   109
       Tentacles         |     8 |    18 |    29 |    80 ||   135
       Long sword        |    25 |    88 |   140 |   319 ||   572
       Punch             |       |       |     1 |     4 ||     5
Throw: Stone             |       |     1 |     1 |       ||     2
       Dart              |       |    26 |    29 |     6 ||    61
       Boomerang         |       |       |       |    14 ||    14
Invok: Sacrifice Essence |       |       |       |     1 ||     1
       Sacrifice Drink   |       |       |       |     1 ||     1
Evoke: Wand              |       |       |       |     7 ||     7
       Phial of floods   |       |       |       |     1 ||     1
  Use: Scroll            |     7 |     5 |     4 |     6 ||    22
       Potion            |       |       |     1 |     1 ||     2
 Stab: Sleeping          |    25 |     7 |    10 |    11 ||    53
       Distracted        |       |     1 |       |     2 ||     3
Armor: Skin              |     2 |     4 |    23 |    47 ||    76
Dodge: Dodged            |    20 |    35 |    63 |   195 ||   313
Block: Buckler           |       |    11 |    15 |    85 ||   111

Levels and vault maps discovered:
D:1:      minmay_arrival_jagged, layout_basic, serial_shops,
          nicolae_shop_bloodbath_and_beyond
D:2:      layout_loops_ring
D:3:      layout_basic, elyvilon_altar_3, serial_rivers,
          chequers_serial_rivers_micro_e, chequers_serial_rivers_small_b,
          chequers_serial_rivers_micro_e, chequers_serial_rivers_micro_d,
          chequers_serial_rivers_large_a, chequers_serial_rivers_small_3,
          serial_shops, shop_statue, shop, due_unseen_surprise
D:4:      layout_cave_pods, wad_orctagon
D:5:      layout_loops_ring, grunt_ministairs_1, minmay_misc_feat_encased,
          roderic_roman_lattice, corexii_hall_statues_x, uniq_eustachio,
          uniq_edmund
D:6:      layout_rooms, minmay_overflow_temple_hex, serial_shops,
          nicolae_diamond_shop, shop_fountains, kennysheep_mini_moat, shop,
          shop, kennysheep_pointless_box, uniq_menkaure, uniq_duvessa
D:7:      layout_loops_ring, minmay_temple_entry_tees, uniq_crazy_yiuf_cottage,
          uniq_prince_ribbit1, uniq_pikel
D:8:      layout_rooms, makhleb_blood_cavern_becter, okawaru_humans,
          dreamdust_princess_bridge, minmay_crystal_water
D:9:      layout_irregular_city, lair_entry_dummy, uniq_amaemon
D:10:     nzn_winding_woodlands_cross [nzn_winding_woodlands_5x15_garden,
          nzn_winding_woodlands_5x15_pool, nzn_winding_woodlands_5x15_parted,
          nzn_winding_woodlands_5x15_eye,
          nzn_winding_woodlands_15x15_five_gardens], layout_basic
Temple:   oiseaux_autumnal_temple
Lair:1:   layout_regular_city
Lair:2:   layout_loops_ring, nicolae_swamp_entry_splash_gauntlet,
          chequers_serial_rivers_small_3

Notes
Turn   | Place    | Note
-------+----------+-------------------------------------------
     0 | D:1      | spiderkeys the Octopode Brigand began the quest for the
                  | Orb.
     0 | D:1      | Reached XP level 1. HP: 14/14 MP: 1/1
     0 | D:1      | magus.rc [v1.11.3]
    29 | D:1      | Found Bieg's Weapon Emporium.
   127 | D:1      | Reached XP level 2. HP: 5/19 MP: 2/2
   511 | D:1      | Reached XP level 3. HP: 18/24 MP: 3/3
   654 | D:1      | Reached skill level 1 in Long Blades
  1845 | D:3      | Found Fegrekk's Magic Scroll Emporium.
  1866 | D:3      | You pick up a book of Touch and begin reading...
  1866 | D:3      | You add the spells Static Discharge, Sticky Flame and
                  | Dispel Undead to your library.
  1888 | D:3      | Reached XP level 4. HP: 30/30 MP: 4/4
  1938 | D:3      | Found a white marble altar of Elyvilon.
  2111 | D:3      | Found Zongu's General Store.
  2116 | D:3      | Bought a potion of curing for 33 gold pieces
  2148 | D:3      | Reached skill level 2 in Dodging
  2406 | D:3      | You pick up a book of Cantrips and begin reading...
  2406 | D:3      | You add the spells Necrotise, Summon Small Mammal and
                  | Apportation to your library.
  2465 | D:3      | Reached skill level 1 in Shields
  2644 | D:4      | Noticed a sky beast
  2878 | D:4      | Reached XP level 5. HP: 36/36 MP: 5/5
  2922 | D:4      | Noticed an ogre
  2923 | D:4      | Identified the +1 leather armour of Oblivion {rPois Regen+
                  | Dex+3}
  2934 | D:4      | Killed an ogre
  2935 | D:4      | Reached skill level 3 in Fighting
  2935 | D:4      | Reached skill level 2 in Long Blades
  3249 | D:4      | Noticed an ogre
  3263 | D:4      | Killed an ogre
  3264 | D:4      | Reached skill level 3 in Dodging
  3264 | D:4      | Reached skill level 2 in Shields
  3264 | D:4      | Reached XP level 6. HP: 42/42 MP: 6/6
  3633 | D:5      | Entered Level 5 of the Dungeon
  3634 | D:5      | Noticed an ice beast
  3644 | D:4      | Reached skill level 3 in Long Blades
  3798 | D:5      | Noticed Edmund
  3806 | D:5      | Identified 3 scrolls of acquirement
  3806 | D:5      | Acquired the +3 hat of Lugonu's Castigation {rCorr Stlth+}
  3808 | D:5      | Acquired 938 gold pieces
  3925 | D:1      | Bought the +11 long sword "Qaenoser" {speed, rElec rC+
                  | Int+4} for 949 gold pieces
  3933 | D:1      | Acquired 1360 gold pieces
  4032 | D:4      | Killed a sky beast
  4033 | D:4      | Reached skill level 4 in Fighting
  4033 | D:4      | Reached skill level 3 in Shields
  4033 | D:4      | Reached XP level 7. HP: 38/48 MP: 7/7
  4143 | D:5      | Killed Edmund
  4192 | D:5      | Noticed Eustachio
  4202 | D:5      | Killed Eustachio
  4203 | D:5      | Reached skill level 4 in Long Blades
  4203 | D:5      | Reached skill level 4 in Dodging
  4237 | D:5      | Reached XP level 8. HP: 42/54 MP: 8/8
  4284 | D:5      | Reached skill level 4 in Shields
  4578 | D:5      | Reached skill level 5 in Fighting
  4772 | D:6      | Noticed a troll
  4777 | D:6      | Killed a troll
  4778 | D:6      | Reached skill level 5 in Long Blades
  4778 | D:6      | Reached skill level 5 in Dodging
  4844 | D:6      | Reached skill level 5 in Shields
  4844 | D:6      | Reached XP level 9. HP: 36/62 MP: 9/9
  4848 | D:6      | Reached skill level 6 in Fighting
  4919 | D:6      | Found Wugul's Distillery.
  4922 | D:6      | Bought a potion of mutation for 96 gold pieces
  4922 | D:6      | Bought a potion of curing for 36 gold pieces
  4922 | D:6      | Bought a potion of curing for 36 gold pieces
  4922 | D:6      | Bought a potion of haste for 120 gold pieces
  5039 | D:6      | Found Donyx's Book Boutique.
  5050 | D:6      | Noticed Duvessa
  5060 | D:6      | Noticed Dowan
  5070 | D:6      | Killed Duvessa
  5071 | D:6      | Reached skill level 6 in Dodging
  5076 | D:6      | Killed Dowan
  5145 | D:6      | Noticed Menkaure
  5152 | D:6      | Killed Menkaure
  5153 | D:6      | Reached skill level 6 in Long Blades
  5224 | D:6      | Found Napnacu's Assorted Antiques.
  5231 | D:6      | Bought a fizzy black potion for 19 gold pieces
  5231 | D:6      | Bought a scroll labelled GUTASE IRAPS for 22 gold pieces
  5231 | D:6      | Bought a scroll labelled WIUVECK VAYX for 22 gold pieces
  5268 | D:6      | Found a hide-covered altar of Uskayaw.
  5268 | D:6      | Found a radiant altar of Vehumet.
  5268 | D:6      | Found an ornate altar of the Wu Jian Council.
  5268 | D:6      | Found a stormy altar of Qazlal.
  5275 | D:6      | Found a broken altar of Ashenzari.
  5275 | D:6      | Found an opulent altar of Gozag.
  5356 | D:6      | Found Yfiurgh's Book Boutique.
  5358 | D:6      | Found Eropuud's General Store.
  5367 | D:6      | Bought 2 scrolls of identify for 56 gold pieces
  5513 | D:7      | Reached skill level 6 in Shields
  5632 | D:7      | Found a staircase to the Ecumenical Temple.
  5633 | D:7      | Noticed Prince Ribbit
  5654 | D:7      | Killed Prince Ribbit
  5670 | Temple   | Entered the Ecumenical Temple
  5907 | Temple   | magus.rc [v1.11.3]
  5930 | Temple   | Became a worshipper of Ru the Awakened
  6056 | D:7      | Reached skill level 7 in Fighting
  6171 | D:7      | Noticed Pikel
  6191 | D:7      | Killed Pikel
  6192 | D:7      | Reached skill level 7 in Long Blades
  6192 | D:7      | Reached skill level 7 in Dodging
  6192 | D:7      | Reached XP level 10. HP: 70/71 MP: 10/10
  6466 | D:7      | Found a runed translucent door.
  6467 | D:7      | Noticed Crazy Yiuf
  6618 | D:7      | Killed Crazy Yiuf
  6715 | D:8      | Reached skill level 7 in Shields
  6854 | D:8      | Found an iron altar of Okawaru.
  6870 | D:8      | Reached skill level 8 in Fighting
  7121 | D:8      | Found a burning altar of Makhleb.
  7211 | D:8      | Gained mutation: You are slightly weak-willed. (Will-) [Ru
                  | sacrifice]
  7211 | D:8      | Reached * piety under Ru
  7339 | D:9      | Identified the +7 halberd of Unreason {flame, Int+7 SInv}
  7371 | D:9      | Reached skill level 8 in Dodging
  7441 | D:9      | Reached skill level 8 in Long Blades
  7587 | D:9      | Noticed Amaemon
  7590 | D:9      | Noticed an orange demon
  7658 | D:9      | HP: 17/73 [gnoll/+0 halberd[a gnoll sergeant] (7)]
  7739 | D:9      | Reached XP level 11. HP: 62/78 MP: 11/11
  7780 | D:9      | Reached skill level 8 in Shields
  8168 | D:9      | Killed Amaemon
  8250 | D:9      | Found a staircase to the Lair.
  8465 | D:10     | Entered Level 10 of the Dungeon
  8582 | D:10     | Reached skill level 9 in Fighting
  8648 | D:10     | Identified the +4 glaive "Esubahaj" {vorpal, Will+ Dex+4}
  8747 | D:10     | Reached skill level 9 in Dodging
  8777 | D:10     | Noticed a two-headed ogre
  8798 | D:10     | Killed a two-headed ogre
  8799 | D:10     | Reached skill level 9 in Long Blades
  8830 | D:10     | Noticed a brown ugly thing
  8831 | D:10     | Noticed a skeletal warrior
  8911 | Lair:1   | Entered Level 1 of the Lair of Beasts
  8959 | Lair:1   | You add the spells Tukima's Dance, Passage of Golubria and
                  | Yara's Violent Unravelling to your library.
  9013 | Lair:1   | Reached skill level 9 in Shields
  9144 | Lair:1   | Acquired a manual of Fighting
  9213 | Lair:1   | Noticed a six-headed hydra
  9224 | Lair:1   | HP: 14/80 [seven-headed hydra (10)]
  9226 | Lair:1   | Gained mutation: You occasionally lose the ability to drink
                  | potions when taking damage. [Ru sacrifice]
  9226 | Lair:1   | Gained mutation: You sometimes lose the ability to drink
                  | potions when taking damage. [Ru sacrifice]
  9226 | Lair:1   | Reached ** piety under Ru
  9331 | Lair:1   | Killed an eight-headed hydra
  9357 | Lair:1   | Noticed a four-headed hydra
  9368 | Lair:1   | Killed a six-headed hydra
  9833 | Lair:2   | HP: 19/81 [komodo dragon (15)]
  9834 | Lair:2   | Slain by a komodo dragon

Vanquished Creatures
  2 hydras (Lair:1)
  A two-headed ogre (D:10)
  Amaemon (D:9)
  Pikel (D:7)
  An orange demon (D:9)
  4 trolls
  Prince Ribbit (D:7)
  17 yaks
  2 wyverns
  3 steam dragons
  Eustachio (D:5)
  2 humans (D:8)
  Edmund (D:5)
  Menkaure (D:6)
  A water moccasin (D:5)
  2 acid dragons
  4 sky beasts
  Duvessa (D:6)
  3 ice beasts
  A black bear (D:6)
  2 orc warriors
  4 ogres
  2 centaurs
  3 lemures (D:7)
  A kobold brigand (D:10)
  A phantom (D:6)
  7 bullfrogs
  3 necrophages
  2 gnoll sergeants
  A scorpion (D:7)
  7 wights
  Dowan (D:6)
  9 killer bees (D:10)
  An electric eel (D:8)
  Crazy Yiuf (D:7)
  A gnoll bouda (D:8)
  3 hounds
  5 orc priests
  4 iguanas
  15 orc wizards
  A hound skeleton (D:8)
  11 gnolls
  6 adders
  A shadow imp (D:6)
  3 white imps
  5 worms
  3 dart slugs
  38 orcs
  5 ball pythons
  5 endoplasms
  4 giant cockroaches
  7 goblins
  6 hobgoblins
  4 jackals
  5 kobolds
  4 quokkas
  6 bats
  2 frilled lizards (D:1)
  8 rats
247 creatures vanquished.

Vanquished Creatures (others)
  2 fungi
  29 plants (D:10)
31 creatures vanquished.

Grand Total: 278 creatures vanquished

Table legend:
 A = Non-vault XP
 B = Vault XP
 C = Vault XP percentage of total XP
 D = Non-vault monster count
 E = Vault monster count
 F = Vault count percentage of total count
                 A         B        C        D         E       F
            +---------+---------+-------+---------+---------+-------
      Total |   13038 |    5114 |  28.2 |     219 |      25 |  10.2
            +---------+---------+-------+---------+---------+-------
        D:1 |      52 |       0 |   0.0 |      31 |       0 |   0.0
        D:2 |      28 |       0 |   0.0 |      10 |       0 |   0.0
        D:3 |      68 |       0 |   0.0 |      23 |       0 |   0.0
        D:4 |     513 |      12 |   2.3 |      12 |       4 |  25.0
        D:5 |     542 |     516 |  48.8 |      13 |       4 |  23.5
        D:6 |    1500 |     383 |  20.3 |      25 |       3 |  10.7
        D:7 |    1107 |     950 |  46.2 |      17 |       3 |  15.0
        D:8 |    2183 |     495 |  18.5 |      26 |       4 |  13.3
        D:9 |    2120 |    1199 |  36.1 |      32 |       2 |   5.9
       D:10 |    1860 |    1559 |  45.6 |      21 |       5 |  19.2
     Lair:1 |    3065 |       0 |   0.0 |       9 |       0 |   0.0
            +---------+---------+-------+---------+---------+-------

Illustrated notes

Table legend:
 A = Kills in this place as a percentage of kills in entire the game.
 B = Kills by you in this place as a percentage of kills by you in the entire game.
 C = Kills by friends in this place as a percentage of kills by friends in the entire game.
 D = Other kills in this place as a percentage of other kills in the entire game.
 E = Experience gained in this place as a percentage of experience gained in the entire game.
 F = Experience gained in this place divided by the number of levels of this place that you have seen.
                   A       B       C       D       E      F
               +-------+-------+-------+-------+-------+----------------------
         Total | 100.0 | 100.0 |   N/A |   N/A | 100.0 | 1396.3
       Dungeon |  96.3 |  96.3 |   N/A |   N/A |  83.1 | 1508.7
          Lair |   3.7 |   3.7 |   N/A |   N/A |  16.9 | 1532.5
               +-------+-------+-------+-------+-------+----------------------

Table legend: (Time is in decaauts)
 A = Elapsed time spent in this place.
 B = Non-inter-level travel time spent in this place.
 C = Inter-level travel time spent in this place.
 D = Time resting spent in this place.
 E = Time spent auto-exploring this place.
 F = Levels seen in this place.
 G = Mean time per level.
                   A        B        C        D        E       F      G
               +--------+--------+--------+--------+--------+-----+--------+
         Total |   9734 |   9134 |    600 |    251 |   7004 |  13 |  748.8 |
       Dungeon |   8547 |   8032 |    515 |    251 |   6058 |  10 |  854.7 |
        Temple |    276 |    225 |     51 |      0 |    208 |   1 |  276.0 |
          Lair |    909 |    875 |     34 |      0 |    738 |   2 |  454.5 |
               +--------+--------+--------+--------+--------+-----+--------+

Top non-repeatable levels by time:
     D:4: 1236 daAuts
     D:1: 1222 daAuts
     D:9: 1121 daAuts
  Lair:1: 893 daAuts
     D:3: 861 daAuts
     D:7: 834 daAuts
     D:5: 781 daAuts
     D:6: 739 daAuts
     D:8: 694 daAuts
     D:2: 675 daAuts
    D:10: 380 daAuts
  Temple: 276 daAuts
  Lair:2: 16 daAuts
